A- WEST
LANCASTER JETHAWKS @ LAKE ELSINORE STORM
09/02/2041
 
TOP OF THE 1ST
Lancaster Jethawks batting - Pitching for Lake Elsinore Storm : RHP Andy Schmitt
Pitching: RHP Andy Schmitt
Batting: LHB Sam O'Hamill 0-0: Called Strike
0-1: Ball
1-1: Called Strike
1-2: Ball
2-2: Ball
3-2: Ground out 4-3 (Groundball, 4MS, EV 81.3 MPH)
Batting: RHB Oliver Álvarez 0-0: Ball
1-0: Swinging Strike
1-1: Ground out 5-3 (Groundball, 56S, EV 92.5 MPH)
Batting: LHB Quentin Jacobs 0-0: SINGLE (Groundball, 4MD, EV 96.3 MPH)
Batting: RHB Héctor Tovar 0-0: Ball
Quentin Jacobs is caught stealing 2nd base 2-4
Top of the 1st over - 0 runs, 1 hit, 0 errors, 0 left on base; Lancaster 0 - Lake Elsinore 0
BOTTOM OF THE 1ST
Lake Elsinore Storm batting - Pitching for Lancaster Jethawks : LHP Jesús Lara
Pitching: LHP Jesús Lara
Batting: RHB Renaud Cotichini 0-0: SINGLE (Line Drive, 9S, EV 93.8 MPH)
Batting: RHB Mike Picot 0-0: Called Strike
0-1: Bunt missed!
0-2: Foul Ball, location: 3F
0-2: Foul Ball, location: 7LDF
0-2: Ball
1-2: Ball
2-2: Ball
3-2: Base on Balls
Renaud Cotichini to second
Batting: RHB Rod Roberts 0-0: Called Strike
0-1: Ball
1-1: Ball
2-1: Ball
Renaud Cotichini is caught stealing 3rd base 2-5
3-1: Foul Ball, location: 7LMF
3-2: SINGLE (Groundball, 6MD, EV 98.8 MPH)
Mike Picot to second
Batting: RHB Chris Patterson 0-0: Fly out, F8 (Flyball, 8RM, EV 81.9 MPH)
Batting: RHB Bob Parks 0-0: Ball
1-0: Swinging Strike
1-1: Ball
2-1: Fielders Choice at 2nd, 5-4 (Groundball, 56, EV 77.5 MPH)
Bottom of the 1st over - 0 runs, 2 hits, 0 errors, 2 left on base; Lancaster 0 - Lake Elsinore 0
TOP OF THE 2ND
Lancaster Jethawks batting - Pitching for Lake Elsinore Storm : RHP Andy Schmitt
Batting: RHB Héctor Tovar 0-0: Called Strike
0-1: Ball
1-1: Swinging Strike
1-2: Ball
2-2: Foul Ball, location: 25FF
2-2: Ball
3-2: Ground out 4-3 (Groundball, 4, EV 103.1 MPH)
Batting: RHB Kevin Wadley 0-0: Called Strike
0-1: DOUBLE (Flyball, 8RXD, EV 100.6 MPH)
Batting: SHB Jorge Sánchez 0-0: Called Strike
0-1: Ball
1-1: SINGLE (Groundball, 4MD, EV 98.1 MPH)
Kevin Wadley to third
Throwing error, E8
Kevin Wadley scores
Jorge Sánchez to second
Batting: LHB Tony Costello 0-0: Ball
1-0: Swinging Strike
1-1: Ball
2-1: Fly out, F5 (Line Drive, 56, EV 69.4 MPH)
Batting: RHB Jeff Phillips 0-0: Ball
1-0: Fly out, F8 (Flyball, 8RD, EV 90.6 MPH)
Top of the 2nd over - 1 run, 2 hits, 1 error, 1 left on base; Lancaster 1 - Lake Elsinore 0
BOTTOM OF THE 2ND
Lake Elsinore Storm batting - Pitching for Lancaster Jethawks : LHP Jesús Lara
Batting: SHB Jim Blackwell 0-0: Called Strike
0-1: Swinging Strike
0-2: Ball
1-2: Foul Ball, location: 7LMF
1-2: Ball
2-2: Strikes out looking
Batting: RHB Jorge García 0-0: Called Strike
0-1: Ball
1-1: Ball
2-1: Ground out 5-3 (Groundball, 5, EV 100.0 MPH)
Batting: RHB Stu Park 0-0: Fly out, F2 (Popup, 23F, EV 85.0 MPH)
Bottom of the 2nd over - 0 runs, 0 hits, 0 errors, 0 left on base; Lancaster 1 - Lake Elsinore 0
TOP OF THE 3RD
Lancaster Jethawks batting - Pitching for Lake Elsinore Storm : RHP Andy Schmitt
Batting: RHB Raúl Solís 0-0: Ball
1-0: Called Strike
1-1: Called Strike
1-2: Fly out, F7 (Line Drive, 78M, EV 96.3 MPH)
Batting: LHB Sam O'Hamill 0-0: Ground out 4-3 (Groundball, 4, EV 110.0 MPH)
Batting: RHB Oliver Álvarez 0-0: Foul Ball, location: 2F
0-1: Ball
1-1: Ball
2-1: Foul Ball, location: 2F
2-2: Ball
3-2: Foul Ball, location: 2F
3-2: Fly out, F8 (Flyball, 8RD, EV 93.8 MPH)
Top of the 3rd over - 0 runs, 0 hits, 0 errors, 0 left on base; Lancaster 1 - Lake Elsinore 0
BOTTOM OF THE 3RD
Lake Elsinore Storm batting - Pitching for Lancaster Jethawks : LHP Jesús Lara
Batting: RHB Chris Nichols 0-0: Ball
1-0: Swinging Strike
1-1: Foul Ball, location: 23F
1-2: Foul Ball, location: 3SF
1-2: Foul Ball, location: 5F
1-2: Foul Ball, location: 9LMF
1-2: Ball
2-2: Foul Ball, location: 9LSF
2-2: Ball
3-2: SINGLE (Line Drive, 9LS, EV 88.1 MPH)
Batting: RHB Renaud Cotichini 0-0: Ball
1-0: Ball
2-0: Ball
3-0: Base on Balls
Chris Nichols to second
Batting: RHB Mike Picot 0-0: Bunted foul
0-1: Bunt missed!
0-2: Ball
1-2: Fly out, F7 (Flyball, 78D, EV 88.8 MPH)
Batting: RHB Rod Roberts 0-0: Called Strike
0-1: Swinging Strike
0-2: Ball
1-2: Ball
2-2: Fly out, F8 (Flyball, 8LS, EV 80.0 MPH)
Batting: RHB Chris Patterson 0-0: Foul Ball, location: 2LF
0-1: Called Strike
0-2: Ball
1-2: Ball
2-2: Ground out 4-3 (Groundball, 34, EV 108.1 MPH)
Bottom of the 3rd over - 0 runs, 1 hit, 0 errors, 2 left on base; Lancaster 1 - Lake Elsinore 0
TOP OF THE 4TH
Lancaster Jethawks batting - Pitching for Lake Elsinore Storm : RHP Andy Schmitt
Batting: LHB Quentin Jacobs 0-0: Foul Ball, location: 2F
0-1: Swinging Strike
0-2: Ball
1-2: Foul Ball, location: 3SF
1-2: Foul Ball, location: 5F
1-2: Ball
2-2: Strikes out swinging
Batting: RHB Héctor Tovar 0-0: Ground out 5-3 (Groundball, 5S, EV 90.6 MPH)
Batting: RHB Kevin Wadley 0-0: Called Strike
0-1: Ball
1-1: Ball
2-1: Ball
3-1: Base on Balls
Batting: SHB Jorge Sánchez 0-0: Ball
1-0: Ground out U3 (Groundball, 23, EV 88.1 MPH)
Top of the 4th over - 0 runs, 0 hits, 0 errors, 1 left on base; Lancaster 1 - Lake Elsinore 0
BOTTOM OF THE 4TH
Lake Elsinore Storm batting - Pitching for Lancaster Jethawks : LHP Jesús Lara
Batting: RHB Bob Parks 0-0: Fly out, F8 (Flyball, 8LM, EV 85.0 MPH)
Batting: SHB Jim Blackwell 0-0: Ball
1-0: Ball
2-0: Called Strike
2-1: Ball
3-1: Foul Ball, location: 25F
3-2: Base on Balls
Batting: RHB Jorge García 0-0: SINGLE (Groundball, 4MD, EV 103.1 MPH)
Jim Blackwell to second
Batting: RHB Stu Park 0-0: Ball
1-0: Ball
2-0: Called Strike
2-1: Swinging Strike
2-2: Ball
3-2: Base on Balls
Jim Blackwell to third
Jorge García to second
Batting: RHB Chris Nichols 0-0: Ball
1-0: Foul Ball, location: 2F
1-1: Fly out, F8 (Flyball, 78M, EV 95.6 MPH)
Batting: RHB Renaud Cotichini 0-0: Ball
1-0: Called Strike
1-1: TRIPLE (Groundball, 3L, EV 106.3 MPH)
Jim Blackwell scores
Jorge García scores
Stu Park scores
Batting: RHB Mike Picot 0-0: Called Strike
0-1: Foul Ball, location: 9LDF
0-2: Strikes out swinging
Bottom of the 4th over - 3 runs, 2 hits, 0 errors, 1 left on base; Lancaster 1 - Lake Elsinore 3
TOP OF THE 5TH
Lancaster Jethawks batting - Pitching for Lake Elsinore Storm : RHP Andy Schmitt
Batting: LHB Tony Costello 0-0: Foul Ball, location: 5F
0-1: Ball
1-1: Ball
2-1: Foul Ball, location: 7LMF
2-2: Ball
3-2: Fly out, F7 (Flyball, 7, EV 89.4 MPH)
Batting: RHB Jeff Phillips 0-0: DOUBLE (Flyball, 8RD, EV 104.4 MPH)
Batting: RHB Raúl Solís 0-0: Foul Ball, location: 2F
0-1: Swinging Strike
0-2: Ground out 6-3 (Groundball, 6, EV 91.9 MPH)
Batting: LHB Sam O'Hamill 0-0: Ball
1-0: Ball
2-0: SINGLE (Line Drive, 56D, EV 107.5 MPH)
Jeff Phillips to third
Batting: RHB Oliver Álvarez 0-0: Ball
1-0: Ball
2-0: Called Strike
2-1: Called Strike
2-2: Strikes out swinging
Top of the 5th over - 0 runs, 2 hits, 0 errors, 2 left on base; Lancaster 1 - Lake Elsinore 3
BOTTOM OF THE 5TH
Lake Elsinore Storm batting - Pitching for Lancaster Jethawks : LHP Jesús Lara
Batting: RHB Rod Roberts 0-0: Ball
1-0: Ball
2-0: Ball
3-0: Called Strike
3-1: Ground out U3 (Groundball, 3S, EV 80.6 MPH)
Batting: RHB Chris Patterson 0-0: Called Strike
0-1: Ball
1-1: Ball
2-1: Fly out, F8 (Flyball, 8RD, EV 101.9 MPH)
Batting: RHB Bob Parks 0-0: Ball
1-0: Ball
2-0: Foul Ball, location: 9LSF
2-1: Foul Ball, location: 9LSF
2-2: Strikes out swinging
Bottom of the 5th over - 0 runs, 0 hits, 0 errors, 0 left on base; Lancaster 1 - Lake Elsinore 3
TOP OF THE 6TH
Lancaster Jethawks batting - Pitching for Lake Elsinore Storm : RHP Andy Schmitt
Batting: LHB Quentin Jacobs 0-0: Called Strike
0-1: Foul Ball, location: 5F
0-2: Strikes out swinging
Batting: RHB Héctor Tovar 0-0: Ball
1-0: Ball
2-0: Ball
3-0: Base on Balls
Batting: RHB Kevin Wadley 0-0: Ball
1-0: Called Strike
1-1: Called Strike
1-2: Foul Ball, location: 2RF
1-2: SINGLE (Flyball, 9S, EV 88.8 MPH)
Héctor Tovar to second
Batting: SHB Jorge Sánchez 0-0: SINGLE (Groundball, 34D, EV 96.9 MPH)
Héctor Tovar to third
Kevin Wadley to second
Batting: LHB Tony Costello 0-0: Ball
1-0: Ball
2-0: Foul Ball, location: 2F
2-1: Ball
3-1: Fly out, F6 (Line Drive, 6, EV 69.4 MPH)
Batting: RHB Jeff Phillips 0-0: Ball
1-0: Ball
2-0: DOUBLE (Flyball, 89D, EV 88.1 MPH)
Héctor Tovar scores
Kevin Wadley scores
Jorge Sánchez to third
Pitching: LHP R.J. Shopland
Pinch Hitting: RHB Mike Jenkins 0-0: Foul Ball, location: 9LDF
0-1: Foul Ball, location: 7LDF
0-2: Strikes out swinging
Top of the 6th over - 2 runs, 3 hits, 0 errors, 2 left on base; Lancaster 3 - Lake Elsinore 3
BOTTOM OF THE 6TH
Lake Elsinore Storm batting - Pitching for Lancaster Jethawks : LHP Jesús Lara
Now at 3B: Sam Dunn
Batting: SHB Jim Blackwell 0-0: Ball
1-0: Ball
2-0: Ball
3-0: Called Strike
3-1: Ground out 5-3 (Groundball, 56S, EV 73.8 MPH)
Pitching: RHP Rubén Colón
Batting: RHB Jorge García 0-0: Ball
1-0: Ball
2-0: Called Strike
2-1: Swinging Strike
2-2: Strikes out looking
Batting: RHB Stu Park 0-0: Called Strike
0-1: Ball
1-1: Ground out 3-1 (Groundball, 34S, EV 76.9 MPH)
Bottom of the 6th over - 0 runs, 0 hits, 0 errors, 0 left on base; Lancaster 3 - Lake Elsinore 3
TOP OF THE 7TH
Lancaster Jethawks batting - Pitching for Lake Elsinore Storm : LHP R.J. Shopland
Batting: LHB Sam O'Hamill 0-0: Ball
1-0: Ball
2-0: Foul Ball, location: 2RF
2-1: Foul Ball, location: 23FF
2-2: Foul Ball, location: 2F
2-2: Strikes out swinging
Batting: RHB Oliver Álvarez 0-0: Called Strike
0-1: Called Strike
0-2: Ball
1-2: Strikes out swinging
Batting: LHB Quentin Jacobs 0-0: Foul Ball, location: 5F
0-1: Foul Ball, location: 2F
0-2: Ball
1-2: Ball
2-2: Ball
3-2: Foul Ball, location: 25F
3-2: Base on Balls
Batting: RHB Héctor Tovar 0-0: Ball
1-0: Ball
2-0: Foul Ball, location: 2F
2-1: Ball
3-1: Base on Balls
Quentin Jacobs to second
Batting: RHB Kevin Wadley 0-0: Ball
1-0: Swinging Strike
1-1: Fielders Choice at 2nd, 6-4 (Groundball, 6, EV 85.0 MPH)
Top of the 7th over - 0 runs, 0 hits, 0 errors, 2 left on base; Lancaster 3 - Lake Elsinore 3
BOTTOM OF THE 7TH
Lake Elsinore Storm batting - Pitching for Lancaster Jethawks : RHP Rubén Colón
Batting: RHB Chris Nichols 0-0: Ball
1-0: Ball
2-0: Foul Ball, location: 2F
2-1: SINGLE (Groundball, 34D, EV 99.4 MPH)
Batting: RHB Renaud Cotichini 0-0: Foul Ball, location: 9LMF
0-1: Called Strike
0-2: Strikes out swinging
Batting: RHB Mike Picot 0-0: Ball
Chris Nichols steals 2nd base
1-0: Called Strike
1-1: Ball
2-1: Fly out, F7 (Flyball, 7, EV 93.1 MPH)
Batting: RHB Rod Roberts 0-0: Fly out, F9 (Flyball, 89M, EV 90.6 MPH)
Bottom of the 7th over - 0 runs, 1 hit, 0 errors, 1 left on base; Lancaster 3 - Lake Elsinore 3
TOP OF THE 8TH
Lancaster Jethawks batting - Pitching for Lake Elsinore Storm : LHP R.J. Shopland
Pinch Hitting: RHB Matt Conroy 0-0: Foul Ball, location: 2F
0-1: Ball
1-1: Swinging Strike
1-2: Strikes out swinging
Batting: LHB Tony Costello 0-0: Ball
1-0: Foul Ball, location: 7LSF
1-1: Swinging Strike
1-2: Ball
2-2: Strikes out swinging
Batting: RHB Jeff Phillips 0-0: Ground out 6-3 (Groundball, 6, EV 81.3 MPH)
Top of the 8th over - 0 runs, 0 hits, 0 errors, 0 left on base; Lancaster 3 - Lake Elsinore 3
BOTTOM OF THE 8TH
Lake Elsinore Storm batting - Pitching for Lancaster Jethawks : RHP Rubén Colón
Now at SS: Jerry Patton
Batting: RHB Chris Patterson 0-0: Ball
1-0: Called Strike
1-1: Foul Ball, location: 3F
1-2: Strikes out swinging
Pinch Hitting: RHB Dave Gunther 0-0: Foul Ball, location: 5DF
0-1: Ball
1-1: SINGLE (Line Drive, 78S, EV 110.6 MPH)
Batting: SHB Jim Blackwell 0-0: Bunted foul
0-1: Reached on error, E2 (Groundball, 2L, EV 0.0 MPH)
Dave Gunther to third
Pinch Hitting: RHB Juan Sánchez 0-0: Intentional Walk
Batting: LHB Claude Wagner 0-0: Fly out, F6 (Popup, 6MS, EV 83.1 MPH)
Batting: RHB Chris Nichols 0-0: Ground out 4-3 (Groundball, 4, EV 81.3 MPH)
Bottom of the 8th over - 0 runs, 1 hit, 1 error, 3 left on base; Lancaster 3 - Lake Elsinore 3
TOP OF THE 9TH
Lancaster Jethawks batting - Pitching for Lake Elsinore Storm : LHP R.J. Shopland
Pitching: RHP Wes Price
Now at 2B: Greg Moran
Now in LF: Dave Gunther
Batting: RHB Sam Dunn 0-0: Ball
1-0: Called Strike
1-1: Reached on error, E3 (Groundball, 3D, EV 97.5 MPH)
Batting: LHB Sam O'Hamill 0-0: Bunted foul
0-1: Bunted foul
0-2: Ground out 6-3 (Groundball, 6MS, EV 66.9 MPH)
Sam Dunn to second
Batting: RHB Oliver Álvarez 0-0: Called Strike
0-1: Swinging Strike
0-2: Ball
1-2: Ball
2-2: Foul Ball, location: 9LSF
2-2: Ball
3-2: Strikes out swinging
Pinch Hitting: LHB Rob Glenn 0-0: Intentional Walk
Pinch Hitting: RHB Derek Law 0-0: Foul Ball, location: 2F
0-1: Ball
1-1: Single, Error in OF, E8, batter to second base (Groundball, 6MD, EV 97.5 MPH)
Sam Dunn scores
Rob Glenn to third
Batting: RHB Kevin Wadley 0-0: Called Strike
0-1: Called Strike
0-2: Ball
1-2: Foul Ball, location: 25F
1-2: Foul Ball, location: 5FF
1-2: Ground out 6-3 (Groundball, 6, EV 98.8 MPH)
Top of the 9th over - 1 run, 1 hit, 2 errors, 2 left on base; Lancaster 4 - Lake Elsinore 3
BOTTOM OF THE 9TH
Lake Elsinore Storm batting - Pitching for Lancaster Jethawks : RHP Rubén Colón
Pitching: RHP Desi Frazier
Now at C: José Sousa
Now in RF: Luis Antonio Abreu
Batting: RHB Renaud Cotichini 0-0: Ball
1-0: Swinging Strike
1-1: Ball
2-1: Foul Ball, location: 2F
2-2: Ball
3-2: Strikes out swinging
Batting: RHB Mike Picot 0-0: Ground out 4-3 (Groundball, 4, EV 93.1 MPH)
Batting: RHB Rod Roberts 0-0: Ball
1-0: Swinging Strike
1-1: Swinging Strike
1-2: Fly out, F7 (Flyball, 78M, EV 80.0 MPH)
Bottom of the 9th over - 0 runs, 0 hits, 0 errors, 0 left on base; Lancaster 4 - Lake Elsinore 3
Monday, April 1st , 2024 - OOTP Baseball 24.10 Build 82